 Dungeon Sprint DCSS version 0.18-a0-33-g9e10395 (console) character file.

144 Kellhus the Cleaver (level 4, -5/37 HPs)
             Began as a Demigod Fighter on Nov 5, 2015.
             Killed from afar by a gargoyle (20 damage)
             ... with a stone arrow
             ... in the Dungeon (Sprint IX: "|||||||||||||||||||||||||||||").
             The game lasted 00:01:03 (286 turns).

Kellhus the Cleaver (Demigod Fighter)                Turns: 286, Time: 00:01:03

Health: -5/37      AC: 11    Str: 19    XL:     4   Next: 76%
Magic:  6/6        EV:  8    Int: 12    God:
Gold:   0          SH:  9    Dex: 20    Spells: 0 memorised, 3 levels left

rFire  . . .     SeeInvis .     a - +1 broad axe (chop)
rCold  . . .     Clarity  .     w - +2 ring mail
rNeg   . . .     SustAt   +     c - +0 shield
rPois  .         Gourm    .     (no helmet)
rElec  .         Spirit   .     s - +0 cloak
rCorr  .         Warding  .     (no gloves)
rMut   .         NoTele   +     r - +0 pair of boots
MR     .....                    (no amulet)
Stlth  +.........               u - +3 ring of dexterity
                                t - +2 ring of protection

@: very slightly contaminated, invisible, not resistant to hostile enchantments,
very unstealthy
A: high mp 1, sustain attributes
a: no special abilities


You were in the Dungeon.
You were not hungry.

You visited 1 branch

Inventory:

Hand Weapons
 a - a +1 broad axe of chopping (weapon)
 p - the +2 dire flail of the Five Ghosts {venom, *Confuse Dex+8}
   (You found it in the Dungeon)

   It poisons the flesh of those it strikes.
   It affects your dexterity (+8).
   It may confuse you when you take damage.
 q - the +2 rapier of Rohup {elec, *Noise rN+ Str+5 Dex+2}
   (You found it in the Dungeon)

   Occasionally, upon striking a foe, it will discharge some electrical energy
   and cause terrible harm.
   It affects your strength (+5).
   It affects your dexterity (+2).
   It protects you from negative energy.
   It may make noises in combat.
 v - a +0 war axe
Armour
 b - a +0 scale mail
 c - a +0 shield (worn)
 r - a +0 pair of boots (worn)
 s - a +0 cloak (worn)
 w - a +2 ring mail (worn)
Jewellery
 t - a +2 ring of protection (left hand)
 u - a +3 ring of dexterity (right hand)
Wands
 o - a wand of cold (7)
Scrolls
 k - 2 scrolls of blinking
 m - 3 scrolls of remove curse
 n - 2 scrolls of amnesia
Potions
 d - a potion of might
 f - 5 potions of curing
 g - 3 potions of heal wounds
 h - a potion of haste
 i - 4 potions of magic
Comestibles
 e - a bread ration


   Skills:
 - Level 2.6 Fighting
 + Level 9.4 Axes
 - Level 2.6 Armour
 - Level 2.6 Shields


You had 3 spell levels left.
You didn't know any spells.

Dungeon Overview and Level Annotations

Branches:
Dungeon (1/1)


Innate Abilities, Weirdness & Mutations

You have an increased reservoir of magic (+10% MP).
Your attributes are resistant to harm.


Message History

You catch the helpless gargoyle completely off-guard!
You slash the gargoyle!
The gargoyle is heavily damaged.
The gargoyle hits you but does no damage.
You hit the gargoyle.
The gargoyle is severely damaged.
The gargoyle hurls a stone arrow at you.
The stone arrow misses you.
You barely miss the gargoyle.
The gargoyle is severely damaged.
The killer bee buzzes angrily.
You block the gnoll's attack.
The gargoyle hurls a stone arrow at you.
The stone arrow misses you.
You closely miss the gargoyle.
The gargoyle is severely damaged.
The gargoyle hurls a stone arrow at you.
The stone arrow hits you!
Ouch! That really hurt!
You die...

▓.▓
▓.▓
▓|▓
▓)▓
▓.▓
▓.▓
▓.▓
▓.▓
▓.▓
▓'▓
▓@▓
▓9▓
▓g▓
▓o▓
▓Z▓
▓y▓
▓+▓


You could see a gargoyle, a killer bee (wandering), a gnoll, an orc and a quokka
zombie (wandering).

Vanquished Creatures
  A black bear (D)
  A crimson imp (D)
  An adder (D)
  An adder skeleton (D)
  A giant gecko (D)
  A bat skeleton (D)
  A giant cockroach (D)
  A goblin (D)
  2 giant newts (D)
  A kobold (D)
11 creatures vanquished.

Notes
Turn   | Place    | Note
--------------------------------------------------------------
     0 | D        | Kellhus the Demigod Fighter began the quest for the Orb.
     0 | D        | Reached XP level 1. HP: 18/18 MP: 3/3
    18 | D        | Reached skill level 3 in Axes
   164 | D        | Noticed a crimson imp
   168 | D        | Reached skill level 4 in Axes
   170 | D        | Reached skill level 5 in Axes
   170 | D        | Reached XP level 2. HP: 25/25 MP: 4/4
   173 | D        | Reached skill level 6 in Axes
   173 | D        | Reached XP level 3. HP: 30/30 MP: 5/5
   179 | D        | Found a glowing silver altar of Zin.
   179 | D        | Found a glowing golden altar of the Shining One.
   179 | D        | Found an ancient bone altar of Kikubaaqudgha.
   179 | D        | Found a basalt altar of Yredelemnul.
   179 | D        | Found a shimmering altar of Xom.
   179 | D        | Found a radiant altar of Vehumet.
   180 | D        | Found an iron altar of Okawaru.
   181 | D        | Found a burning altar of Makhleb.
   182 | D        | Found a deep blue altar of Sif Muna.
   183 | D        | Found a bloodstained altar of Trog.
   184 | D        | Found a sparkling altar of Nemelex Xobeh.
   185 | D        | Found a white marble altar of Elyvilon.
   186 | D        | Found a roughly hewn altar of Beogh.
   187 | D        | Found a viscous altar of Jiyva.
   188 | D        | Found a corrupted altar of Lugonu.
   189 | D        | Found a blossoming altar of Fedhas.
   190 | D        | Found a snail-covered altar of Cheibriados.
   191 | D        | Found a shadowy altar of Dithmenos.
   192 | D        | Found a stormy altar of Qazlal.
   193 | D        | Found an opulent altar of Gozag.
   194 | D        | Found a sacrificial altar of Ru.
   211 | D        | Got the +2 dire flail of the Five Ghosts {venom, *Confuse Dex+8}
   211 | D        | Got the +2 rapier of Rohup {elec, *Noise rN+ Str+5 Dex+2}
   276 | D        | Noticed a black bear
   276 | D        | Noticed a gargoyle
   279 | D        | Killed a black bear
   279 | D        | Reached skill level 9 in Axes
   279 | D        | Reached XP level 4. HP: 37/37 MP: 6/6
   286 | D        | Killed from afar by a gargoyle

Vault maps used:
D:        linesprint

Action                   |  1- 3 |  4- 6 || total
-------------------------+-------+-------++-------
Melee: War axe           |    26 |       ||    26
       Broad axe         |     2 |     6 ||     8
  Use: Potion            |     2 |       ||     2
 Stab: Sleeping          |     1 |       ||     1
       Invisible         |       |     2 ||     2
